 Dungeon Crawl Stone Soup version 0.31-a0-446-g07c4bd200f (webtiles) character file.

Game seed: 9150451284012234388

2533 Ethylacetat the Mimic (level 9, -6/24 HPs)
             Began as a Vine Stalker Monk on Aug 3, 2023.
             Mangled by a troll (10 damage)
             ... on level 7 of the Dungeon.
             The game lasted 00:20:11 (4742 turns).

Ethylacetat the Mimic (Vine Stalker Monk)           Turns: 4742, Time: 00:20:11

Health: -6/24      AC: 12    Str: 25    XL:     9   Next: 55%
Magic:  0/16       EV:  8    Int: 10    God:
Gold:   280        SH:  0    Dex: 20    Spells: 15/16 levels left

rFire   + +          .
                       - Unarmed
rCold   x . .        c - melded orb {light}
rNeg    . . .        a - melded +0 robe
rPois   +            (helmet currently unavailable)
rElec   .            (cloak currently unavailable)
rCorr   .            (gloves currently unavailable)
SInv    .            (boots currently unavailable)
Will    +....        (no amulet)
Stlth   ++           (no ring)
HPRegen 1.04/turn    (no ring)
MPRegen 0.15/turn

%: guardian spirit
@: short of breath, dragon-form, flying
A: dragon claw, dragon scales, breathe fire, flying, reduced hp, giant, (fangs
3), regeneration 1, magic shield, (antimagic bite), no potion heal 2
a: Breathe Fire, Begin Untransformation


You were on level 7 of the Dungeon.
You were a fearsome dragon!
You visited 2 branches of the dungeon, and saw 8 of its levels.
You also visited: Ossuary.

You collected 280 gold pieces.

Inventory:

Armour
 a - a +0 robe (melded)
 c - an orb of light (melded)
 i - the +5 chain mail of Ecowoem {Dex+4}
   (You found it on level 2 of the Dungeon)

   Dex:       It affects your dexterity (+4).
Jewellery
 h - a ring of resist corrosion
Talismans
 f - a dragon-blood talisman (active)
Wands
 z - a wand of quicksilver (10)
 A - a wand of iceblast (8)
Scrolls
 d - 4 scrolls of teleportation {unknown}
 e - 12 scrolls of identify {unknown}
 j - a scroll of immolation {unknown}
 l - 2 scrolls of revelation {unknown}
 n - a scroll of enchant weapon {unknown}
 p - a scroll of poison {unknown}
 q - 3 scrolls of amnesia {unknown}
 u - a scroll of butterflies {unknown}
 v - a scroll of blinking {unknown}
 y - a scroll of fear {unknown}
Potions
 b - a potion of ambrosia
 g - 2 potions of degeneration {unknown}
 k - 4 potions of heal wounds {unknown}
 m - a potion of enlightenment {unknown}
 o - 2 potions of haste {unknown}
 r - 2 potions of lignification {unknown}
 s - 8 potions of curing {unknown}
 t - 2 potions of invisibility {unknown}
 w - a potion of brilliance {unknown}
 x - a potion of mutation {unknown}


   Skills:
 - Level 6.3 Fighting
 - Level 2.4 Dodging
 - Level 3.3 Unarmed Combat
 - Level 4.0 Spellcasting
 - Level 0.2 Fire Magic
 * Level 8.3 Shapeshifting


You had 15 spell levels left.
You knew the following spells:

 Your Spells              Type           Power      Damage    Failure   Level
a - Foxfire               Conj/Fire      8%         2x1d4     24%         1

Your spell library contained the following spells:

 Spells                   Type           Power      Damage    Failure   Level
 Apportation              Tloc           4%         N/A       26%         1
 Necrotise                Necr           8%         1d4       26%         1
 Summon Small Mammal      Summ           8%         N/A       26%         1
 Blink                    Tloc           4%         N/A       36%         2
 Lesser Beckoning         Tloc           4%         N/A       36%         2
 Momentum Strike          Conj/Tloc      4%         3d8       36%         2
 Summon Ice Beast         Ice/Summ       2%         N/A       94%         4
 Summon Mana Viper        Hex/Summ       2%         N/A       100%        5
 Plasma Beam              Fire/Air       1%         2x1d11    100%        6
 Starburst                Conj/Fire      1%         6d3       100%        6
 Monstrous Menagerie      Summ           1%         N/A       100%        7


Dungeon Overview and Level Annotations

Branches:
Dungeon (7/15)             Temple (1/1) D:5         Ossuary (visited)

Altars:
Dithmenos
Elyvilon
Fedhas
Kikubaaqudgha
Makhleb
Okawaru
Sif Muna
Vehumet
Wu Jian
Xom
Yredelemnul
Zin
The Shining One

Shops:
D:3 [


Innate Abilities, Weirdness & Mutations

You are a fearsome dragon!
You have a powerful clawing attack.
Your giant scaled body is strong and resiliant, but less evasive.
You can breathe fire.
You are flying.
Your maximum health is decreased, since you lack skill for your form.
Your armour is entirely melded.
You are incapable of wielding weapons or throwing items.
((You have razor-sharp teeth.))
Your natural rate of healing is unusually fast.
When hurt, damage is shared between your health and your magic reserves.
((Your bite disrupts and absorbs the magic of your enemies.))
Potions cannot restore your health.


Message History

The iguana is lightly wounded.
The iguana bites you.
A steam dragon comes into view.
You bite the iguana!!
You kill the iguana!
The orc wizard completely misses you.
You closely miss the orc wizard.
Your tail-slap misses the orc wizard.
The orc wizard hits you but does no damage.
You barely miss the orc wizard.
Your tail-slap misses the orc wizard.
A troll comes into view.
The orc wizard hits you but does no damage.
Aiming: Breathe Fire (1% risk of failure)
Press: ? - help, Shift-Dir - straight line, f - troll
Aim: a troll (wandering, hasn't noticed you, 74% to hit)
You breathe a blast of fire.
The fiery breath hits the troll!!
The troll is heavily wounded.
The troll shouts!
The orc wizard misses you.
You hit the steam dragon.
The steam dragon is lightly wounded.
The steam dragon bites you.
The steam dragon claws you but does no damage.
The orc wizard casts a spell at you.
The magic dart hits you but does no damage.
The troll attacks as you move away! The troll barely misses you.
The troll claws you! The troll barely misses you.
The troll attacks as you move away! The troll bites you! The troll claws you.
* * * LOW HITPOINT WARNING * * *
The troll claws you.
* * * LOW HITPOINT WARNING * * *
You hit the troll but do no damage.
The troll is heavily wounded.
The troll barely misses you. x3
Okay, then.
You closely miss the troll.
Your tail-slap misses the troll.
The troll is moderately wounded.
The troll closely misses you. The troll claws you.
* * * LOW HITPOINT WARNING * * *
The troll claws you!
You die...

#.... ...#...# .
#.##.#.### #<.
#.#...... ....
#####.#..#.##..... ..
#...#.#........... ...
###.#...#.##.##.##..
... ........#.##.##.#
... #.D..##.##.## ...
#T#..##.##.. ...
#D....#.##.#
#........o#.#.##.#
...##.##......##)#####
## #.. #.###.........#
#. ..° ...
#.#...###.#.#. #.#.
#.###.....# #.#.#.
...# #.......###
#.#.#(


You could see a troll, a steam dragon and an orc wizard.

Vanquished Creatures
  Edmund (D:6)
  A water moccasin (D:7)
  Duvessa (D:6)
  2 ice beasts
  An orc warrior (D:7)
  A black bear (D:6)
  2 ogres
  A centaur (D:6)
  A phantom (D:6)
  4 elf zombies (Ossuary)
  4 scorpions
  A bullfrog (D:7)
  Dowan (D:6)
  5 wights (D:6)
  A centaur zombie (Ossuary)
  A hound (D:5)
  3 human zombies (Ossuary)
  2 jellies
  2 orc priests (D:4)
  6 iguanas
  An orc wizard (D:6)
  2 mummies (Ossuary)
  2 adders
  A shadow imp (D:7)
  A white imp (D:5)
  An ufetubus (D:5)
  An adder zombie (Ossuary)
  A worm (D:5)
  A dart slug (D:2)
  20 orcs
  9 endoplasms
  5 giant cockroaches
  7 goblins
  9 hobgoblins
  6 jackals
  5 quokkas
  10 ball pythons
  6 bats
  4 frilled lizards
  8 hobgoblin zombies (Ossuary)
  A jackal zombie (Ossuary)
  6 kobolds
  9 kobold zombies (Ossuary)
  7 orc zombies (Ossuary)
  7 rats
  2 rat zombies (Ossuary)
173 creatures vanquished.

Notes
Turn   | Place    | Note
-------+----------+-------------------------------------------
     0 | D:1      | Ethylacetat the Vine Stalker Monk began the quest for the
                  | Orb.
     0 | D:1      | Reached XP level 1. HP: 11/11 MP: 2/2
    57 | D:1      | Reached XP level 2. HP: 12/16 MP: 3/3
   190 | D:1      | Learned a level 1 spell: Foxfire
   586 | D:1      | Reached XP level 3. HP: 3/20 MP: 4/4
   818 | D:2      | Identified the +5 chain mail of Ecowoem {Dex+4}
   972 | D:2      | Reached skill level 1 in Shapeshifting
  1007 | D:2      | Identified the +1 sling of the Orcish Mines {drain, rF+++
                  | rC- rN+ Dex+3}
  1112 | D:2      | Reached skill level 1 in Spellcasting
  1457 | D:3      | Found a shimmering altar of Xom.
  1545 | D:3      | Gained mutation: Your natural rate of healing is unusually
                  | fast. [Vine Stalker growth]
  1545 | D:3      | Reached XP level 4. HP: 3/24 MP: 6/6
  1569 | D:3      | Found a faded altar of an unknown god.
  1582 | D:3      | Found Qyaweer's Antique Armour Shoppe.
  1888 | D:4      | Noticed a scorpion
  1894 | D:4      | Killed a scorpion
  1895 | D:4      | Reached skill level 2 in Shapeshifting
  1895 | D:4      | Reached XP level 5. HP: 4/29 MP: 8/8
  2037 | D:4      | Reached XP level 6. HP: 4/33 MP: 10/10
  2177 | D:4      | Found a sand-covered staircase.
  2181 | D:4      | Reached skill level 3 in Shapeshifting
  2184 | Ossuary  | Entered an ossuary
  2295 | Ossuary  | Reached XP level 7. HP: 4/37 MP: 5/12
  2307 | Ossuary  | Reached skill level 4 in Shapeshifting
  3053 | D:5      | Entered Level 5 of the Dungeon
  3100 | D:5      | Gained mutation: You have razor-sharp teeth. [Vine Stalker
                  | growth]
  3100 | D:5      | Reached XP level 8. HP: 6/42 MP: 13/15
  3154 | D:5      | Found a staircase to the Ecumenical Temple.
  3182 | D:5      | Reached skill level 5 in Fighting
  3308 | D:5      | Found a glowing silver altar of Zin.
  3314 | D:5      | Found an iron altar of Okawaru.
  3318 | D:5      | Found a blossoming altar of Fedhas.
  3510 | Temple   | Entered the Ecumenical Temple
  3588 | D:6      | Noticed Edmund
  3605 | D:6      | Killed Edmund
  3606 | D:6      | Reached skill level 5 in Shapeshifting
  3927 | D:6      | Reached skill level 6 in Shapeshifting
  4051 | D:6      | Noticed Dowan
  4052 | D:6      | Noticed Duvessa
  4065 | D:6      | Killed Dowan
  4072 | D:6      | Reached XP level 9. HP: 10/48 MP: 16/16
  4090 | D:6      | Killed Duvessa
  4219 | D:6      | Reached skill level 7 in Shapeshifting
  4681 | D:7      | Reached skill level 8 in Shapeshifting
  4736 | D:7      | Noticed a troll
  4742 | D:7      | Mangled by a troll

Illustrated notes

Levels and vault maps discovered:
D:1:      pf_arrival_petrified_forest, layout_loops_ring
D:2:      layout_loops_ring
D:3:      layout_rooms, mainiacjoe_overflow_cross_hatched, serial_shops, shop,
          ebering_ecumenical_altar_abandoned
D:4:      layout_loops_corners, enter_ossuary_5, st_stairs_4, solitary_fountain,
          minmay_misc_feat_room
D:5:      layout_cave_pools, minmay_overflow_temple_star_quad, temple_hall
D:6:      layout_cave_pods, uniq_edmund, uniq_duvessa
D:7:      layout_basic, serial_shops, nicolae_shop_tiny_glass,
          minmay_shop_grid_forest, minmay_fractal_squares_5
Temple:   nicolae_temple_ecumenical_triangle

Skill      XL: |  1  2  3  4  5  6  7  8  9 |
---------------+----------------------------+-----
Fighting       | 3 4 6 |  6.3
Shapeshifting  | 1 2 3 4 6 8 |  8.3
Spellcasting   | 1 2 3 4 |  4.0
Dodging        | |  2.4
Unarmed Combat | |  3.3
Fire Magic     | |  0.2

Action                     |  1- 3 |  4- 6 |  7- 9 || total
---------------------------+-------+-------+-------++-------
  Melee: Unarmed           |    78 |    70 |    91 ||   239
         Bite              |    14 |     1 |    12 ||    27
         Tailslap          |     3 |     3 |     6 ||    12
         Punch             |       |       |     1 ||     1
Ability: Breathe Fire      |     7 |     8 |    18 ||    33
  Evoke: Wand              |       |       |     2 ||     2
   Stab: Sleeping          |     6 |     1 |     6 ||    13
 Armour: Robe              |    10 |       |       ||    10
         Skin              |    22 |    31 |    44 ||    97
  Dodge: Dodged            |    32 |    10 |    21 ||    63
   Form: Dragon            |     1 |       |       ||     1

Table legend: (Time is in decaauts)
 A = Elapsed time spent in this place.
 B = Non-inter-level travel time spent in this place.
 C = Inter-level travel time spent in this place.
 D = Time resting spent in this place.
 E = Time spent auto-exploring this place.
 F = Levels seen in this place.
 G = Mean time per level.
                   A        B        C        D        E       F      G
               +--------+--------+--------+--------+--------+-----+--------+
         Total |   4726 |   4544 |    182 |     16 |   3060 |   9 |  525.1 |
       Dungeon |   4386 |   4220 |    166 |     16 |   2932 |   7 |  626.6 |
        Temple |     36 |     20 |     16 |      0 |      0 |   1 |   36.0 |
       Ossuary |    303 |    303 |      0 |      0 |    128 |   1 |  303.0 |
               +--------+--------+--------+--------+--------+-----+--------+

Top non-repeatable levels by time:
     D:6: 913 daAuts
     D:4: 885 daAuts
     D:1: 740 daAuts
     D:2: 698 daAuts
     D:5: 491 daAuts
     D:3: 414 daAuts
 Ossuary: 303 daAuts
     D:7: 244 daAuts
  Temple: 36 daAuts
